AoeStats
← Combi l BU

Arabia

506229076Analyzed
3v3 RM · 20d ago on Sep 12, 2026· 24m 50s· 6 players
Game mode
Random Map
Map size
Normal (6 player)
Population
200
Speed
Normal
Resources
Standard
Victory
Conquest
Starting age
Dark Age
Ending age
Imperial Age
RankedLock teamsTeams togetherTeam positionsShared explorationLock speedFull tech treeHidden civsTurbo modeCheats
Victory
Defeat
🇲🇽 Lithuanians · Mexico
1612
+12
🇨🇱 Britons · Chile
1609
+12
🇪🇸 Shu · Spain
1462
+18
🇫🇷 Teutons · France
1639
-18
🇦🇷 Jurchens · Argentina
1491
-13
🇬🇧 Burgundians · United Kingdom
1448
-11
Ux' CombiNero
6:02 Loom
8:43 Feudal Age
9:42 Double-Bit Axe
13:22 Forging
16:14 Scale Barding Armor
17:01 Horse Collar
18:24 Wheelbarrow
20:03 Gold Mining
24:26 Castle Age
Combi l BU
6:43 Loom
8:52 Feudal Age
11:26 Fletching
17:35 Double-Bit Axe
22:37 Castle Age
20:44 Horse Collar
21:26 Gold Mining
22:46 Crossbowman
23:21 Bodkin Arrow
25:38 Ballistics
Ux'Tycho0201
6:04 Loom
8:27 Feudal Age
11:50 Fletching
17:44 Padded Archer Armor
25:41 Castle Age
Rokafly
5:30 Loom
8:29 Feudal Age
10:22 Double-Bit Axe
14:08 Fletching
15:31 Padded Archer Armor
21:23 Castle Age
19:46 Gold Mining
21:36 Crossbowman
22:12 Bodkin Arrow
22:41 Bow Saw
22:28 Horse Collar
23:59 Ballistics
Locke
8:31 Feudal Age
7:19 Double-Bit Axe
11:44 Horse Collar
16:35 Scale Barding Armor
18:28 Forging
FeR
6:35 Loom
9:05 Feudal Age
10:19 Double-Bit Axe
11:11 Horse Collar
14:48 Fletching
25:09 Castle Age
23:54 Padded Archer Armor
24:46 Bloodlines
Connection lost

Rejoining the realm…

Still unreachable

The connection could not be restored.

Session expired

The server has moved on; the page needs a fresh start.